 Dungeon Crawl Stone Soup version 0.29-a0-925-g0a7a3d12f8 (webtiles) character file.

Game seed: 10448700986397949906

3 Sabo the Grave Robber (level 1, 0/14 HPs)
             Began as a Ghoul Necromancer on July 29, 2022.
             Was a Follower of Trog.
             Slain by a goblin
             ... wielding a +0 dagger
              (3 damage)
             ... on level 1 of the Dungeon.
             The game lasted 00:02:17 (316 turns).

Sabo the Grave Robber (Ghoul Necromancer)            Turns: 316, Time: 00:02:18

Health: 0/14       AC:  2    Str: 11    XL:     1   Next: 50%
Magic:  2/2        EV: 12    Int: 10    God:    Trog [*.....]
Gold:   21         SH:  0    Dex:  9    Spells: 2/3 levels left

rFire   . . .      SeeInvis .   (no weapon)
rCold   + . .      Faith    .   (no shield)
rNeg    + + +      Spirit   .   a - +0 robe
rPois   ∞          Reflect  .   (no helmet)
rElec   .          Harm     .   (no cloak)
rCorr   .          Rampage  .   (no gloves)
Will    .....                   (no boots)
Stlth   ++........              (no amulet)
HPRegen 0.00/turn               (no ring)
MPRegen 0.08/turn               (no ring)

@: inhibited regen
A: claws 1, cold resistance 1, negative energy resistance 3, inhibited
regeneration, torment resistance 2, devour on kill
a: Renounce Religion


You were on level 1 of the Dungeon.
You worshipped Trog.
Trog was aware of your devotion.
You visited 1 branch of the dungeon, and saw 1 of its levels.

You collected 21 gold pieces.

Inventory:

Armour
 a - a +0 robe (worn)
Potions
 b - a potion of magic
 c - a potion of cancellation {unknown}


   Skills:
 + Level 1.8 Dodging
 + Level 2.2 Stealth
 - Level 1.7 Spellcasting
 - Level 4.1 Necromancy


You had 2 spell levels left.
You knew the following spells:

 Your Spells              Type           Power      Damage    Failure   Level
a - Necrotise             Necr           36%        1d5       6%          1

Your spell library contained the following spells:

 Spells                   Type           Power      Damage    Failure   Level
 Vampiric Draining        Necr           9%         2d6       17%         3
 Animate Dead             Necr           9%         N/A       50%         4
 Agony                    Necr           9%         N/A       85%         5


Dungeon Overview and Level Annotations

Branches:
Dungeon (1/15)

Altars:
Trog


Innate Abilities, Weirdness & Mutations

You are immune to poison.
You have sharp fingernails.
Your flesh is cold resistant. (rC+)
You are immune to negative energy. (rN+++)
You do not regenerate when monsters are visible.
You are immune to unholy pain and torment.
You thrive by killing the living.


Message History

Trog accepts your prayer! Trog welcomes you!
There is a bloodstained altar of Trog here.
You see here a -1 hand axe.
c - a glowing green potion
Okay, then.
Unknown command.
A rat comes into view.
A goblin and a frilled lizard come into view.
The goblin shouts!
The frilled lizard hisses angrily.
Casting: Necrotise (safe; 6% risk of failure)
Confirm with . or Enter, or press ? or * to list all spells.
Casting this spell will place you under penance.
Really cast?
Okay, then.
You closely miss the frilled lizard. Your claw misses the frilled lizard.
The rat barely misses you. The frilled lizard bites you.
You closely miss the frilled lizard. The rat barely misses you.
The frilled lizard completely misses you.
You scratch the frilled lizard.
The frilled lizard is heavily wounded.
The rat closely misses you. The frilled lizard bites you.
You scratch the frilled lizard.
You kill the frilled lizard!
Trog accepts your kill.
You feel better. The rat closely misses you. The rat attacks as you move away!
The rat bites you. The goblin closely misses you.
You see here a frilled lizard corpse.
You closely miss the goblin. The goblin hits you with a +0 dagger.
The rat twitches its whiskers.
The rat bites you but does no damage.
You scratch the goblin but do no damage.
The goblin barely misses you. The rat bites you.
You closely miss the goblin. The rat barely misses you.
The goblin hits you with a +0 dagger.
You closely miss the goblin. The rat bites you.
* * * LOW HITPOINT WARNING * * *
The goblin misses you.
You barely miss the goblin. The goblin hits you with a +0 dagger.
You die...

#.# #.# #.# #.#
#.# #.# #.# #.#
#.# #.# #.# #.#
#.# #g# #.#
######@#######.#
.......r........#
.######.#########
#... #.### #. #


You could see a goblin and a rat.

Vanquished Creatures
  An endoplasm (D:1)
  A hobgoblin (D:1)
  A frilled lizard (D:1)
3 creatures vanquished.

Notes
Turn   | Place    | Note
-------+----------+-------------------------------------------
     0 | D:1      | Sabo the Ghoul Necromancer began the quest for the Orb.
     0 | D:1      | Reached XP level 1. HP: 14/14 MP: 2/2
   248 | D:1      | Found a faded altar of an unknown god.
   259 | D:1      | Prayed at the altar of an unknown god.
   259 | D:1      | Became a worshipper of Trog the Wrathful
   259 | D:1      | Reached * piety under Trog
   316 | D:1      | Slain by a goblin

Illustrated notes

Levels and vault maps discovered:
D:1:      dreamdust_arrival_sigmund_warning, layout_loops_ring,
          ebering_ecumenical_altar_rust

Action                   || total
-------------------------++-------
Melee: Unarmed           ||    16
 Cast: Necrotise         ||     3
Armor: Robe              ||     2
Dodge: Dodged            ||    11

Table legend: (Time is in decaauts)
 A = Elapsed time spent in this place.
 B = Non-inter-level travel time spent in this place.
 C = Inter-level travel time spent in this place.
 D = Time resting spent in this place.
 E = Time spent auto-exploring this place.
 F = Levels seen in this place.
 G = Mean time per level.
                   A        B        C        D        E       F      G
               +--------+--------+--------+--------+--------+-----+--------+
         Total |    316 |    316 |      0 |    204 |      0 |   1 |  316.0 |
       Dungeon |    316 |    316 |      0 |    204 |      0 |   1 |  316.0 |
               +--------+--------+--------+--------+--------+-----+--------+

Top non-repeatable levels by time:
     D:1: 316 daAuts
